 Dungeon Crawl Stone Soup version 0.26.1-11-gd32895ea62 (webtiles) character file.

Game seed: 15816013792638180503

431 robloxmaster the Skirmisher (level 7, -5/61 HPs)
             Began as a Hill Orc Fighter on May 20, 2021.
             Slain by an iron imp (9 damage)
             ... summoned by Eustachio
             ... on level 4 of the Dungeon.
             The game lasted 00:02:53 (2745 turns).

robloxmaster the Skirmisher (Hill Orc Fighter)      Turns: 2745, Time: 00:02:54

Health: -5/61      AC:  7    Str: 21      XL:     7   Next: 0%
Magic:  7/7        EV:  7    Int:  8      God:
Gold:   204        SH:  0    Dex:  9 (10) Spells: 6/6 levels left

rFire    . . .     SeeInvis .   a - +0 war axe
rCold    . . .     Faith    .   c - +0 kite shield
rNeg     . . .     Spirit   .   b - +0 scale mail
rPois    .         Reflect  .   (no helmet)
rElec    .         Harm     .   (no cloak)
rCorr    .         Rampage  .   (no gloves)
Will     .....                  (no boots)
Stlth    ..........             (no amulet)
HPRegen  0.20/turn              (no ring)
MPRegen  0.10/turn              (no ring)

@: confused, flying
A: no striking features
a: no special abilities


You were on level 4 of the Dungeon.
You visited 1 branch of the dungeon, and saw 4 of its levels.

You collected 204 gold pieces.

Inventory:

Hand Weapons
 a - a +0 war axe (weapon)
Armour
 b - a +0 scale mail (worn)
 c - a +0 kite shield (worn)
Wands
 o - a wand of disintegration (24)
 r - a wand of random effects (10)
Scrolls
 f - a scroll of amnesia {unknown}
 h - a scroll of random uselessness {unknown}
 j - a scroll of remove curse {unknown}
 k - a scroll of magic mapping {unknown}
 l - a scroll of immolation {unknown}
 m - a scroll of blinking {unknown}
 p - a scroll of enchant armour {unknown}
 q - 4 scrolls of identify {unknown}
Potions
 d - a potion of flight
 e - 2 potions of curing {unknown}
 g - 3 potions of heal wounds {unknown}
 i - a potion of ambrosia {unknown}
 n - a potion of resistance {unknown}


   Skills:
 + Level 5.4 Fighting
 + Level 5.2 Axes
 + Level 5.0 Armour
 + Level 5.0 Shields


You had 6 spell levels left.
You didn't know any spells.
Your spell library was empty.

Dungeon Overview and Level Annotations

Branches:
Dungeon (4/15)
 Temple: D:4-7

Altars:
Ashenzari
Gozag

Portals:
Abyss: D:3

Annotations:
D:3 2 transporters, jlumianski's ghost, weakling FeSu
D:4 Eustachio


Message History

Unknown command.
You miss something. You slash the iron imp! You miss the crimson imp.
You closely miss the quasit. The quasit barely misses you.
The quasit claws you but does no damage. x2
The crimson imp hits you but does no damage.
The iron imp hits you.
* * * LOW HITPOINT WARNING * * *
The quasit barely misses you.
The quasit claws you but does no damage. x2
You miss the crimson imp. You completely miss the quasit.
You closely miss something. You hit the iron imp but do no damage.
The crimson imp blinks!
The quasit bites you but does no damage.
The quasit claws you but does no damage. x2
You hear some strange, mumbled words.
A magic dart appears from out of thin air!
The magic dart hits you!
* * * LOW HITPOINT WARNING * * *
The iron imp hits you!
You die...

. # #......# #.#.
###.....#.# #....
##...##.##.# ...#.#
#######..# #.....
..[...##........# #..#.#
................# #.##.#
................####....#
.......#5o...........####
......##@{....@.######
...... #55...†..# .....
#........# ....@
#........# ....
#..[.....# ####
#........# ##########


You could see Eustachio, an iron imp (summoned), a quasit (summoned), a crimson
imp (summoned) and an orc.

Vanquished Creatures
  Sigmund (D:3)
  A centaur skeleton (D:2)
  An orc priest (D:4)
  Jessica (D:3)
  A worker ant (D:4)
  5 adders
  4 gnolls (D:3)
  An ooze (D:4)
  A worm (D:3)
  A dart slug (D:2)
  3 leopard geckos
  10 orcs
  A ball python (D:2)
  6 bats
  5 giant cockroaches
  3 goblins
  2 hobgoblins
  2 kobolds
  2 quokkas (D:3)
  A frilled lizard (D:2)
  A jackal skeleton (D:4)
  A leopard gecko skeleton (D:2)
  8 rats
62 creatures vanquished.

Notes
Turn   | Place    | Note
-------+----------+-------------------------------------------
     0 | D:1      | robloxmaster the Hill Orc Fighter began the quest for the
                  | Orb.
     0 | D:1      | Reached XP level 1. HP: 19/19 MP: 1/1
   251 | D:1      | Reached XP level 2. HP: 27/27 MP: 2/2
   854 | D:2      | Found a broken altar of Ashenzari.
   869 | D:2      | Found an opulent altar of Gozag.
   946 | D:2      | Reached XP level 3. HP: 29/33 MP: 3/3
   951 | D:2      | Reached XP level 4. HP: 32/40 MP: 4/4
  1421 | D:3      | Reached XP level 5. HP: 5/47 MP: 5/5
  1712 | D:3      | Found a transporter.
  1712 | D:3      | Identified the +8 whip of Instant Death {distort, rF+
                  | Str+5}
  1713 | D:3      | Noticed a small abomination
  1763 | D:3      | Noticed jlumianski's ghost (weakling FeSu)
  2182 | D:3      | Found a transporter.
  2210 | D:3      | Noticed Jessica
  2217 | D:3      | Killed Jessica
  2373 | D:3      | Noticed Sigmund
  2381 | D:3      | Killed Sigmund
  2382 | D:3      | Reached skill level 5 in Fighting
  2382 | D:3      | Reached skill level 5 in Axes
  2382 | D:3      | Reached XP level 6. HP: 56/56 MP: 6/6
  2438 | D:3      | Found a one-way gate to the infinite horrors of the Abyss.
  2683 | D:4      | Reached skill level 5 in Armour
  2683 | D:4      | Reached skill level 5 in Shields
  2721 | D:4      | Noticed Eustachio
  2732 | D:4      | Reached XP level 7. HP: 51/61 MP: 7/7
  2745 | D:4      | Slain by an iron imp

Illustrated notes

Levels and vault maps discovered:
D:1:      co_arrival_square_in_a_square_in_a_square, layout_basic
D:2:      layout_rooms, lemuel_round_altar, nicolae_gozag_seed_capital
D:3:      layout_loops_ring, gammafunk_ghost_abyssal_escape, uniq_sigmund,
          uniq_jessica
D:4:      layout_rooms, uniq_eustachio

Skill      XL: |  1  2  3  4  5  6 |
---------------+-------------------+-----
Axes           | 3 4 5 |  5.2
Fighting       | 4 5 |  5.4
Shields        | 4 5 |  5.0
Armour         | 4 5 |  5.0

Action                   |  1- 3 |  4- 6 |  7- 9 || total
-------------------------+-------+-------+-------++-------
Melee: War axe           |    70 |   156 |    14 ||   240
  Use: Potion            |       |     3 |       ||     3
Armor: Scale mail        |    30 |    68 |    39 ||   137
Dodge: Dodged            |    23 |    51 |    13 ||    87
Block: Kite shield       |    38 |    89 |    15 ||   142
